 Dungeon Crawl Stone Soup version 0.17.1-3-g152610e (webtiles) character file.

56 senseless the Firebug (level 3, -1/26 HPs)
             Began as a Draconian Fire Elementalist on Apr 20, 2016.
             Killed from afar by Stendarr's ghost (11 damage)
             ... with a puff of flame
             ... on level 3 of the Dungeon.
             The game lasted 00:09:20 (1700 turns).

senseless the Firebug (Draconian Fire Elementalist) Turns: 1700, Time: 00:09:20

Health: -1/26      AC:  5    Str: 10    XL:     3   Next: 69%
Magic:  5/7        EV: 12    Int: 16    God:
Gold:   49         SH:  0    Dex: 11    Spells: 2 memorised, 4 levels left

rFire  . . .     SeeInvis .     e - +0 dagger
rCold  . . .     Clarity  .     (armour unavailable)
rNeg   . . .     SustAt   .     (no shield)
rPois  .         Gourm    .     (helmet restricted)
rElec  .         Spirit   .     (no cloak)
rCorr  .         Warding  .     (no gloves)
rMut   .         Stasis   .     (no boots)
MR     .....                    (no amulet)
Stlth  ++........               (no ring)
                                (no ring)

@: not resistant to hostile enchantments, unstealthy
A: unfitting armour, cold-blooded, AC +5
a: no special abilities


You were on level 3 of the Dungeon.
You were not hungry.

You visited 1 branch of the dungeon, and saw 3 of its levels.

You collected 49 gold pieces.

Inventory:

Hand Weapons
 e - a +0 dagger (weapon)
Scrolls
 h - a scroll of remove curse
 i - a scroll of recharging
Potions
 d - 2 potions of heal wounds {unknown}
Books
 a - a book of Flames

   Spells                             Type                      Level
   a - Flame Tongue                   Conjuration/Fire             1
   b - Throw Flame                    Conjuration/Fire             2
   c - Conjure Flame                  Conjuration/Fire             3
   d - Inner Flame                    Hexes/Fire                   3
   e - Sticky Flame                   Conjuration/Fire             4
   f - Fireball                       Conjuration/Fire             5
Comestibles
 b - a bread ration
 c - a meat ration
 f - 2 chunks of flesh


   Skills:
 + Level 1.8 Dodging
 - Level 1.7 Stealth
 + Level 0.2 Unarmed Combat
 + Level 2.6 Spellcasting
 + Level 1.6 Conjurations
 + Level 3.9 Fire Magic


You had 4 spell levels left.
You knew the following spells:

 Your Spells              Type           Power        Failure   Level  Hunger
a - Flame Tongue          Conj/Fire      ##...        10%         1    #......
b - Throw Flame           Conj/Fire      ##....       12%         2    ##.....


Dungeon Overview and Level Annotations

Branches:
Dungeon (3/15)

Altars:

Annotations:
D:3 Stendarr's ghost, novice TrFE


Innate Abilities, Weirdness & Mutations

Your plain brown scales are hard (AC +5).
Your body does not fit into most forms of armour.
You are cold-blooded and may be slowed by cold attacks.


Message History

HP restored.
You start resting.
Magic restored.
Stendarr's ghost (novice Troll Fire Elementalist) comes into view.
Found a stone staircase leading up.
A giant gecko comes into view.
Casting: Flame Tongue
Confirm with . or Enter, or press ? or * to list all spells.
Aiming: Throw Flame
Press: ? - help, Shift-Dir - straight line, f - Stendarr's ghost
Aim: Stendarr's ghost (hasn't noticed you)
The puff of flame misses Stendarr's ghost.
Stendarr's ghost turns its malevolent gaze towards you.
Stendarr's ghost whispers, "They're coming for you..."
Stendarr's ghost gestures at you while chanting.
The puff of flame hits you!
Ouch! That really hurt!
Stendarr's ghost gestures at you while chanting.
The puff of flame hits you!
You die...

#.# .. .... ## #.#
..... .# #.# . ...##
#.# #.# ... ...
#.####.#
.....#W##....#.#
.........###รท#.######>
.....#<#....#.........
.## #.#####@#.###### #.
#.#.# ...#####.#.#
.......<...#
########.### #.# #.#
#.. ###


You could see Stendarr's ghost.

Vanquished Creatures
  An adder (D:3)
  A worm (D:2)
  2 giant geckos (D:1)
  2 ball pythons (D:2)
  3 giant cockroaches
  4 goblins (D:1)
  7 hobgoblins
  A quokka (D:2)
  5 bats
  A giant newt (D:2)
  4 kobolds
  7 rats
38 creatures vanquished.

Notes
Turn   | Place    | Note
--------------------------------------------------------------
     0 | D:1      | senseless the Draconian Fire Elementalist began the quest for the Orb.
     0 | D:1      | Reached XP level 1. HP: 14/14 MP: 3/3
   306 | D:1      | Reached XP level 2. HP: 20/20 MP: 3/5
   651 | D:1      | Learned a level 2 spell: Throw Flame
   976 | D:2      | Reached XP level 3. HP: 26/26 MP: 3/6
  1693 | D:3      | Noticed Stendarr's ghost (novice TrFE)
  1700 | D:3      | Killed from afar by Stendarr's ghost

Action                   || total
-------------------------++-------
Melee: Dagger            ||    14
       Unarmed           ||     1
 Cast: Flame Tongue      ||    58
       Throw Flame       ||     4
  Use: Scroll            ||     4
 Stab: Sleeping          ||     1
  Eat: Chunk             ||     3
